 Dungeon Crawl Stone Soup version 0.17.0-27-g4a3f43e (webtiles) character file.

1 Gorice the Magician (level 1, -1/13 HPs)
             Began as a Demonspawn Wanderer on Nov 21, 2015.
             Hit by a stone thrown by a hobgoblin (3 damage)
             ... on level 1 of the Dungeon.
             The game lasted 00:01:24 (21 turns).

Gorice the Magician (Demonspawn Wanderer)             Turns: 21, Time: 00:01:24

Health: -1/13      AC:  2    Str: 12    XL:     1   Next: 16%
Magic:  0/4        EV: 11    Int: 11    God:
Gold:   0          SH:  0    Dex: 14    Spells: 3 memorised, 3 levels left

rFire  . . .     SeeInvis .     a - +0 dagger
rCold  . . .     Clarity  .     d - +0 robe
rNeg   . . .     SustAt   .     (no shield)
rPois  .         Gourm    .     (no helmet)
rElec  .         Spirit   .     (no cloak)
rCorr  .         Warding  .     (no gloves)
rMut   .         Stasis   .     (no boots)
MR     .....                    (no amulet)
Stlth  +.........               (no ring)
                                (no ring)

@: very slightly contaminated, not resistant to hostile enchantments, very
unstealthy
A: no striking features
a: no special abilities


You were on level 1 of the Dungeon.
You were not hungry.

You visited 1 branch of the dungeon, and saw 1 of its levels.

Inventory:

Hand Weapons
 a - a +0 dagger (weapon)
Armour
 d - a +0 robe (worn)
Books
 b - the Compendium of Envenoming

   Spells                             Type                      Level
   a - Sting                          Conjuration/Poison           1
   b - Ignite Poison                  Fire/Transmutation/Poison    3
 c - the Handbook of the Snowflakes

   Spells                             Type                      Level
   a - Freeze                         Ice                          1
   b - Ozocubu's Armour               Charms/Ice                   3
 e - a book of Spatial Translocations
Comestibles
 f - a bread ration {!e}


   Skills:
 - Level 1.0 Throwing
   Level 1.0 Shields
 + Level 3.0 Spellcasting
 * Level 0.4 Conjurations
   Level 1.0 Summonings
 - Level 1.7 Translocations
 * Level 1.7 Ice Magic


You had 3 spell levels left.
You knew the following spells:

 Your Spells              Type           Power        Failure   Level  Hunger
a - Freeze                Ice            #...         14%         1    #......
b - Sting                 Conj/Pois      #...         30%         1    #......
A - Apportation           Tloc           #.........   14%         1    #......


Dungeon Overview and Level Annotations

Branches:
Dungeon (1/15)

Altars:


Message History

The hobgoblin throws a stone.
The stone closely misses you.
There is a large open door here.
The hobgoblin barely misses you.
There is a large open door here.
There is a large open door here.
Cast which spell? (? or * to list)
Aiming: Freeze
Press: ? - help, Shift-Dir - straight line, f - hobgoblin
Aim: a hobgoblin You freeze the hobgoblin.
You kill the hobgoblin!
Casting: Freeze
Confirm with . or Enter, or press ? or * to list all spells.
Aiming: Freeze
Press: ? - help, Shift-Dir - straight line, f - hobgoblin
Aim: a hobgoblin You freeze the hobgoblin.
The hobgoblin is heavily wounded.
The hobgoblin hits you but does no damage.
Casting: Freeze
Confirm with . or Enter, or press ? or * to list all spells.
Aiming: Freeze
Press: ? - help, Shift-Dir - straight line, f/p - hobgoblin
Aim: a hobgoblin (heavily wounded)
You miscast Freeze.
You are very lightly contaminated with residual magic.
Nothing appears to happen.
The hobgoblin hits you.
Damage: 2 (max 2)
Casting: Freeze
Confirm with . or Enter, or press ? or * to list all spells.
Aiming: Sting
Press: ? - help, Shift-Dir - straight line, f/p - hobgoblin
Aim: a hobgoblin (heavily wounded)
You miscast Sting.
Nothing appears to happen.
The hobgoblin closely misses you.
You hit the hobgoblin but do no damage.
The hobgoblin is heavily wounded.
The hobgoblin hits you.
Damage: 5 (max 5)
You barely miss the hobgoblin.
The hobgoblin is heavily wounded.
The hobgoblin hits you.
Damage: 2 (max 5)
The hobgoblin throws a stone.
The stone hits you but does no damage.
You see here a stone.
The hobgoblin throws a stone.
The stone hits you.
* * * LOW HITPOINT WARNING * * *
You see here a stone.
Damage: 2 (max 5)
The hobgoblin throws a stone.
The stone hits you.
You die...

####+####
###≈≈≈≈≈≈§###
#≈§≈.§..§≈≈§#
#...........#
##g## ####8'8####
##....(....##
#......(....##
#+.......@....#
+8..(..<.........
##............#..
#...........##
##.........##
###8+8#8###
###+###


You could see a hobgoblin.

Vanquished Creatures
  A hobgoblin (D:1)
1 creature vanquished.

Notes
Turn   | Place    | Note
--------------------------------------------------------------
     0 | D:1      | Gorice the Demonspawn Wanderer began the quest for the Orb.
     0 | D:1      | Gorice set off with: a book of Spatial Translocations, the Compendium of Envenoming, the Handbook of the Snowflakes, a +0 robe, a +0 dagger, a bread ration {!e}
     0 | D:1      | Reached XP level 1. HP: 13/13 MP: 4/4
     0 | D:1      | Identified the Compendium of Envenoming
     0 | D:1      | Identified the Handbook of the Snowflakes
     2 | D:1      | Learned a level 1 spell: Apportation
     4 | D:1      | Learned a level 1 spell: Freeze
     6 | D:1      | Learned a level 1 spell: Sting
    20 | D:1      | HP: 2/13 [hobgoblin/stone (2)]
    21 | D:1      | Hit by a stone thrown by a hobgoblin

Action                   || total
-------------------------++-------
Melee: Dagger            ||     2
 Cast: Freeze            ||     2

Table legend:
 A = Turns spent in this place as a percentage of turns spent in the entire game.
 B = Non-inter-level travel turns spent in this place as a percentage of non-inter-level travel turns spent in the entire game.
 C = Inter-level travel turns spent in this place as a percentage of turns spent in this place.
 D = Turns resting spent in this place as a percentage of non-inter-level travel turns spent in this place.
 E = Turns spent auto-exploring this place as a percentage of non-inter-level travel turns spent in this place.
 F = Non-inter-level travel turns spent in this place divided by the number of levels of this place that you've seen.
                   A       B       C       D       E      F
               +-------+-------+-------+-------+-------+----------------------
         Total | 100.0 | 100.0 |   0.0 |   0.0 |   2.9 |  34.0
       Dungeon | 100.0 | 100.0 |   0.0 |   0.0 |   2.9 |  34.0
               +-------+-------+-------+-------+-------+----------------------

Vault maps used:
D:1:      dpeg_arrival_morbid_curiosity, minmay_misc_feat_room, st_stairs_11,
          dk_noncrumbling_2, minmay_misc_feat_nine_boxes
